 Dungeon Crawl Stone Soup version 0.28-a0-1518-gbe868bca14 (webtiles) character file.

Game seed: 2478947514511079706

33493 comborobin the Brawler (level 13, -9/135 HPs)
             Began as a Troll Brigand on Jan 17, 2022.
             Was the Champion of Cheibriados.
             Mangled by a catoblepas (15 damage)
             ... while petrified by a catoblepas
             ... on level 3 of the Lair of Beasts.
             The game lasted 00:24:57 (15230 turns).

comborobin the Brawler (Troll Brigand)             Turns: 15230, Time: 00:24:57

Health: -9/135     AC:  8    Str: 37    XL:     13   Next: 37%
Magic:  16/16      EV:  1    Int: 26    God:    Cheibriados [******]
Gold:   810        SH:  0    Dex: 26    Spells: 9/12 levels left

rFire   . . .      SeeInvis +     - Unarmed
rCold   + . .      Faith    .   (no shield)
rNeg    + + +      Spirit   .   g - +1 troll leather armour {Snorg}
rPois   ∞          Reflect  .   (helmet restricted)
rElec   .          Harm     .   c - +0 cloak
rCorr   .          Rampage  .   (gloves unavailable)
Will    .....      Clarity  +   (boots unavailable)
Stlth   ++........              w - amulet of the acrobat
HPRegen 1.92/turn               n - +4 ring of evasion
MPRegen 0.15/turn               s - ring of protection from cold

@: petrified, invisible, very slow
A: large, unfitting armour, claws 3, regeneration 1, shaggy fur 1, tough skin 1,
antennae 1, see invisible, clarity, noise suppression
a: Renounce Religion, Bend Time, Temporal Distortion, Slouch, Step From Time


You were on level 3 of the Lair of Beasts.
You worshipped Cheibriados.
Cheibriados was exalted by your worship.
You visited 3 branches of the dungeon, and saw 18 of its levels.
You also visited: Bailey.

You collected 810 gold pieces.

Inventory:

Hand Weapons
 b - a +1 falchion of flaming
Missiles
 d - 26 poisoned darts
 m - 2 throwing nets (quivered)
 y - 29 boomerangs
 C - a curare-tipped dart
Armour
 c - a +0 cloak (worn)
 e - a +0 robe
 g - a +1 troll leather armour (worn) {Snorg}
 u - +0 acid dragon scales
 A - a +0 troll leather armour
Magical Staves
 F - a staff of earth
 H - a staff of death
Jewellery
 i - a ring of positive energy
 n - a +4 ring of evasion (left claw)
 s - a ring of protection from cold (right claw)
 w - an amulet of the acrobat (around neck)
Wands
 a - a wand of mindburst (4)
 E - a wand of polymorph (6)
 K - a wand of digging (9)
Scrolls
 f - 4 scrolls of identify
 k - a scroll of holy word
 l - 4 scrolls of immolation
 p - a scroll of amnesia
 v - a scroll of enchant armour
 B - 2 scrolls of fog
 I - 2 scrolls of noise
Potions
 h - 8 potions of mutation
 j - a potion of heal wounds
 o - 3 potions of curing
 x - a potion of brilliance
 z - a potion of flight
 G - 3 potions of attraction
 L - a potion of ambrosia


   Skills:
 + Level 10.6 Fighting
 - Level 1.5(3.4) Short Blades
 - Level 4.8(5.0) Long Blades
 + Level 2.2 Throwing
 - Level 3.0 Armour
 + Level 6.1 Dodging
 - Level 2.1 Stealth
 + Level 15.5 Unarmed Combat
 + Level 5.5 Invocations


You had 9 spell levels left.
You knew the following spells:

 Your Spells              Type           Power      Damage    Failure   Level
g - Sublimation of Blood  Necr           0%         N/A       21%         2
A - Apportation           Tloc           0%         N/A       14%         1

Your spell library contained the following spells:

 Spells                   Type           Power      Damage    Failure   Level
 Animate Skeleton         Necr           0%         N/A       14%         1
 Summon Small Mammal      Summ           0%         N/A       14%         1
 Scorch                   Fire           0%         2d5       21%         2
 Conjure Flame            Conj/Fire      0%         6-21      38%         3
 Dazzling Flash           Conj/Hex       0%         N/A       38%         3
 Gell's Gravitas          Tloc           0%         N/A       38%         3
 Ignite Poison            Fire/Tmut/Pois 0%         N/A       38%         3
 Mephitic Cloud           Conj/Pois/Air  0%         N/A       38%         3
 Summon Guardian Golem    Hex/Summ       0%         N/A       38%         3
 Teleport Other           Tloc           0%         N/A       38%         3
 Airstrike                Air            0%         N/A       80%         4
 Flame Wave               Conj/Fire      0%         2d4       80%         4
 Iskenderun's Mystic Bla  Conj/Tloc      0%         2d3       80%         4
 Petrify                  Tmut/Erth      0%         N/A       80%         4
 Sticky Flame             Conj/Fire      0%         2d3       80%         4
 Summon Lightning Spire   Summ/Air       0%         N/A       80%         4
 Freezing Cloud           Conj/Ice/Air   0%         6-21      98%         5
 Irradiate                Conj/Tmut      0%         3d13      98%         5
 Lightning Bolt           Conj/Air       0%         1d11      98%         5
 Dispersal                Tloc           0%         N/A       100%        6
 Starburst                Conj/Fire      0%         6d3       100%        6
 Summon Cactus Giant      Summ           0%         N/A       100%        6
 Orb of Destruction       Conj           0%         9d5       100%        7
 Spellforged Servitor     Conj/Summ      0%         N/A       100%        7


Dungeon Overview and Level Annotations

Branches:
Dungeon (14/15)            Temple (1/1) D:6            Lair (3/6) D:11
  Swamp (0/4) Lair:2        Snake (0/4) Lair:2          Orc (0/2) D:9
 Bailey (visited)
 Vaults: D:13-14

Altars:
Ashenzari
Cheibriados
Dithmenos
Elyvilon
Fedhas
Gozag
Hepliaklqana
Kikubaaqudgha
Makhleb
Nemelex Xobeh
Okawaru
Qazlal
Ru
Sif Muna
Trog
Uskayaw
Vehumet
Wu Jian
Xom
Yredelemnul
Zin
The Shining One
Beogh

Portals:
Trove: D:13 (give 17 potions of curing)

Annotations:
D:2 1 runed translucent door, Crazy Yiuf
D:8 3 runed translucent doors, Shayle's ghost, novice DjWr
D:13 exclusion: hydra


Innate Abilities, Weirdness & Mutations

You are too large for most types of armour.
You have claws for hands.
Your natural rate of healing is unusually fast.
You are covered in fur. (AC +1)
You have tough skin. (AC +1)
You have a pair of small antennae on your head.
You have supernaturally acute eyesight. (SInv)
You possess an exceptional clarity of mind.
You passively dampen the noise of your surroundings.


Message History

The catoblepas bellows!
The catoblepas breathes a plume of calcifying dust at you.
The blast of calcifying dust hits you.
You are engulfed in calcifying dust.
You are slowing down.
The death yak closely misses you. The death yak gores you.
Your limbs are stiffening.
Unknown command.
Okay, then.
Okay, then.
You fade into invisibility!
The death yak closely misses you. The death yak barely misses you.
You have turned to stone.
The death yak gores you but does no damage.
The death yak gores you. The death yak gores you!
The death yak bellows!
The death yak gores you!!
The death yak bellows!
The death yak gores you! The death yak gores you!!
The death yak gores you but does no damage.
The death yak gores you!! x2; The catoblepas gores you!
The death yak gores you but does no damage. x2
The death yak gores you! The catoblepas gores you!! The death yak gores you!
The death yak gores you. x2
The catoblepas gores you. The death yak gores you. The death yak gores you!! x2
* * * LOW HITPOINT WARNING * * *
The catoblepas gores you but does no damage.
The death yak gores you but does no damage.
The death yak completely misses you. The death yak gores you.
The catoblepas gores you!!
* * * LOW HITPOINT WARNING * * *
The death yak gores you!
* * * LOW HITPOINT WARNING * * *
The death yak gores you!
* * * LOW HITPOINT WARNING * * *
The death yak gores you!
* * * LOW HITPOINT WARNING * * *
The catoblepas gores you!!
You die...

#P.....# ##.....#
#......# #.....<##
.. .######......#
...
............#.....
P.../##...........
#.....#...##..P..#
...[!...Y@#.(.....#
+.....#$YYY.......#
#.....#..Y#........
...###.....#+#.#..
.. ......... .... .
............
..#.#P......!
.#####.....##
#.....#


You could see 4 death yaks and a catoblepas.

Vanquished Creatures
  Snorg (D:12)
  A shambling mangrove (Lair:1)
  A yaktaur captain (D:10)
  A boulder beetle (D:13)
  A hydra (Lair:2)
  A centaur warrior (D:13)
  7 two-headed ogres
  A tengu warrior (D:12)
  3 death yaks (D:11)
  Nergalle (D:10)
  2 ugly things (D:12)
  A cyclops (D:13)
  A deep elf pyromancer (Bailey)
  A manticore (D:13)
  A black mamba (Lair:3)
  Joseph (Lair:1)
  Maggie (D:8)
  An unseen horror (D:9)
  A cane toad (Lair:2)
  3 komodo dragons
  A tengu conjurer (D:12)
  2 trolls
  2 hornets (Lair:1)
  5 slime creatures (D:12)
  A meliai zombie (D:11)
  3 vampires
  2 shadows
  6 wyverns
  3 wraiths
  23 yaks
  13 vampire mosquitoes
  4 nagas (Lair:2)
  4 water moccasins
  Duvessa (D:5)
  19 orc warriors
  An ice beast (D:6)
  2 sky beasts
  2 black bears
  An ogre (D:4)
  10 centaurs
  4 necrophages (D:11)
  A phantom (D:5)
  4 bullfrogs
  3 kobold brigands
  3 scorpions
  A wyvern zombie (D:5)
  A gnoll sergeant (D:8)
  Dowan (D:5)
  A water moccasin skeleton (D:5)
  9 killer bees
  2 electric eels
  14 wights
  5 howler monkeys
  5 centaur zombies
  3 centaur skeletons
  16 orc priests
  A bullfrog skeleton (D:6)
  3 hounds
  A gnoll shaman (D:5)
  4 iguanas
  10 orc wizards
  4 hell rats (Lair:1)
  2 mummies (D:11)
  A howler monkey zombie (D:9)
  8 gnolls
  8 adders
  An ufetubus (D:5)
  An adder skeleton (D:5)
  6 dart slugs
  82 orcs
  3 ball pythons (D:1)
  6 bats
  9 endoplasms
  3 giant cockroaches
  10 goblins
  4 hobgoblins
  6 jackals
  18 kobolds
  10 quokkas
  2 frilled lizards (D:1)
  9 rats
421 creatures vanquished.

Vanquished Creatures (collateral kills)
  An orc knight (Bailey)
  A phantom (D:7)
  An orc (Bailey)
  2 kobolds (D:10)
5 creatures vanquished.

Vanquished Creatures (others)
  A yak (D:10)
  2 orc wizards
  A kobold (D:10)
  3 fungi
  7 plants (Lair:2)
14 creatures vanquished.

Grand Total: 440 creatures vanquished

Notes
Turn   | Place    | Note
-------+----------+-------------------------------------------
     0 | D:1      | comborobin the Troll Brigand began the quest for the Orb.
     0 | D:1      | Reached XP level 1. HP: 19/19 MP: 0/0
    57 | D:1      | Reached skill level 1 in Unarmed Combat
   114 | D:1      | Reached XP level 2. HP: 27/27 MP: 1/1
   169 | D:1      | Reached skill level 2 in Unarmed Combat
   318 | D:1      | Reached XP level 3. HP: 33/33 MP: 2/2
   482 | D:1      | Reached skill level 3 in Unarmed Combat
   605 | D:1      | Found a faded altar of an unknown god.
   899 | D:2      | Reached skill level 1 in Dodging
   955 | D:2      | Reached XP level 4. HP: 36/42 MP: 3/3
   976 | D:2      | Found an ornate altar of the Wu Jian Council.
  1010 | D:2      | Identified the +1 ring mail of Infinity {-Cast rElec rF+++
                  | SInv}
  1307 | D:2      | Found a runed translucent door.
  1308 | D:2      | Noticed Crazy Yiuf
  2306 | D:4      | Reached skill level 4 in Unarmed Combat
  2333 | D:4      | Reached XP level 5. HP: 44/49 MP: 4/4
  2466 | D:4      | Gained mutation: You have supernaturally acute eyesight.
                  | (SInv) [potion of mutation]
  2466 | D:4      | Gained mutation: You have a pair of small antennae on your
                  | head. [potion of mutation]
  2466 | D:4      | Gained mutation: You passively dampen the noise of your
                  | surroundings. [potion of mutation]
  2466 | D:4      | Gained mutation: You possess an exceptional clarity of
                  | mind. [potion of mutation]
  2681 | D:4      | Reached XP level 6. HP: 51/59 MP: 5/5
  2909 | D:4      | Found a broken altar of Ashenzari.
  2939 | D:4      | Found a bloodstained altar of Trog.
  2967 | D:4      | Reached skill level 5 in Unarmed Combat
  3300 | D:5      | Entered Level 5 of the Dungeon
  3360 | D:5      | Reached XP level 7. HP: 47/67 MP: 6/6
  3498 | D:5      | Reached skill level 6 in Unarmed Combat
  3792 | D:5      | Found a glowing silver altar of Zin.
  3796 | D:5      | Found an ornate altar of the Wu Jian Council.
  3835 | D:5      | Noticed Dowan
  3836 | D:5      | Noticed Duvessa
  3837 | D:5      | Killed Dowan
  3942 | D:6      | Reached XP level 8. HP: 47/78 MP: 7/7
  3945 | D:6      | Reached skill level 7 in Unarmed Combat
  4345 | D:6      | Reached skill level 8 in Unarmed Combat
  4420 | D:6      | Found a staircase to the Ecumenical Temple.
  4432 | Temple   | Entered the Ecumenical Temple
  4748 | D:6      | Found a snail-covered altar of Cheibriados.
  4748 | D:6      | Found an ancient bone altar of Kikubaaqudgha.
  4977 | D:6      | Became a worshipper of Cheibriados the Contemplative
  5169 | D:7      | Reached XP level 9. HP: 68/87 MP: 8/8
  5247 | D:7      | Reached skill level 5 in Fighting
  5284 | D:7      | Reached skill level 9 in Unarmed Combat
  5577 | D:7      | Found a glowing golden altar of the Shining One.
  5583 | D:7      | Found a shimmering blue altar of Sif Muna.
  5856 | D:7      | Reached skill level 5 in Dodging
  6108 | D:8      | Reached * piety under Cheibriados
  6202 | D:8      | Reached skill level 1 in Invocations
  6209 | D:8      | Noticed Shayle's ghost (novice DjWr)
  6228 | D:8      | Found a runed translucent gate.
  6228 | D:8      | Found a runed translucent gate.
  6232 | D:8      | Noticed a five-headed hydra
  6241 | D:8      | Noticed Maggie
  6253 | D:8      | Killed Maggie
  6390 | D:8      | Reached skill level 10 in Unarmed Combat
  6396 | D:8      | Found a blossoming altar of Fedhas.
  6517 | D:8      | Found a runed translucent gate.
  6529 | D:8      | Reached skill level 1 in Armour
  6548 | D:8      | Reached XP level 10. HP: 91/98 MP: 10/10
  6873 | D:8      | Reached ** piety under Cheibriados
  7382 | D:5      | Killed Duvessa
  7563 | D:5      | Reached *** piety under Cheibriados
  8818 | D:9      | Reached skill level 11 in Unarmed Combat
  8960 | D:9      | Reached **** piety under Cheibriados
  9313 | D:9      | Found a staircase to the Orcish Mines.
  9462 | D:10     | Entered Level 10 of the Dungeon
  9472 | D:10     | Noticed a two-headed ogre
  9476 | D:10     | Noticed a yaktaur captain
  9490 | D:10     | Killed a two-headed ogre
  9491 | D:10     | Reached skill level 12 in Unarmed Combat
  9494 | D:10     | Killed a yaktaur captain
  9495 | D:10     | Reached XP level 11. HP: 75/109 MP: 10/13
  9632 | D:10     | Found a flagged portal.
  9635 | D:10     | Noticed Nergalle
  9642 | D:10     | Killed Nergalle
  9642 | D:10     | Reached ***** piety under Cheibriados
  9657 | Bailey   | Entered a bailey
  9823 | Bailey   | Found a large runed translucent door.
  9823 | Bailey   | Found a large runed translucent door.
  9854 | Bailey   | Noticed a deep elf pyromancer
  9870 | Bailey   | Noticed an orc knight
  9896 | Bailey   | Killed an orc knight
 10047 | Bailey   | Killed a deep elf pyromancer
 10048 | Bailey   | Reached skill level 13 in Unarmed Combat
 10152 | D:10     | Noticed a two-headed ogre
 10159 | D:10     | Killed a two-headed ogre
 10214 | D:10     | Noticed a two-headed ogre
 10221 | D:10     | Killed a two-headed ogre
 10423 | D:10     | Noticed a two-headed ogre
 10431 | D:10     | Killed a two-headed ogre
 10781 | D:11     | Reached skill level 14 in Unarmed Combat
 10870 | D:11     | Noticed a two-headed ogre
 10878 | D:11     | Killed a two-headed ogre
 11030 | D:11     | Noticed a two-headed ogre
 11044 | D:11     | Killed a two-headed ogre
 11045 | D:11     | Reached XP level 12. HP: 79/122 MP: 9/14
 11114 | D:11     | Noticed a death yak
 11114 | D:11     | Noticed a death yak
 11115 | D:11     | Noticed a death yak
 11120 | D:11     | Killed a death yak
 11130 | D:11     | Killed a death yak
 11132 | D:11     | Killed a death yak
 11178 | D:11     | Found a staircase to the Lair.
 11204 | D:11     | Reached skill level 15 in Unarmed Combat
 11459 | D:11     | Reached ****** piety under Cheibriados
 11608 | D:12     | Reached skill level 10 in Fighting
 11825 | D:12     | You fall into a shaft and drop 1 floor!
 11994 | D:13     | Noticed an eight-headed hydra
 12074 | D:13     | Noticed a seven-headed hydra
 12076 | D:13     | Noticed a boulder beetle
 12103 | D:13     | Learned a level 1 spell: Apportation
 12171 | D:13     | Found a portal to a secret trove of treasure.
 12226 | D:13     | Noticed a centaur warrior
 12232 | D:13     | Noticed a boulder beetle
 12240 | D:13     | Killed a boulder beetle
 12272 | D:13     | Killed a centaur warrior
 12281 | D:13     | Noticed a two-headed ogre
 12285 | D:13     | Noticed Snorg
 12299 | D:12     | Killed Snorg
 12300 | D:12     | Reached skill level 5 in Invocations
 12334 | D:13     | Killed a two-headed ogre
 12589 | D:12     | Noticed a tengu warrior
 12598 | D:12     | Killed a tengu warrior
 12599 | D:12     | Reached XP level 13. HP: 101/135 MP: 14/16
 12774 | D:12     | Learned a level 2 spell: Sublimation of Blood
 13143 | Lair:1   | Entered Level 1 of the Lair of Beasts
 13180 | Lair:1   | Reached skill level 1 in Long Blades
 13407 | Lair:1   | Noticed Joseph
 13414 | Lair:1   | Killed Joseph
 13544 | Lair:1   | You fall into a shaft and drop 1 floor!
 13655 | Lair:1   | Identified the +0 scale mail of Omeurasea {+Blink Slay+2
                  | SInv Stlth+}
 13692 | Lair:1   | Paralysed by a hornet for 3 turns
 14327 | Lair:2   | Found a staircase to the Swamp.
 14674 | Lair:2   | Found a stormy altar of Qazlal.
 14695 | Lair:2   | Found a staircase to the Snake Pit.
 15230 | Lair:3   | HP: 6/135 [death yak (7)]
 15230 | Lair:3   | Mangled by a catoblepas

Illustrated notes

Levels and vault maps discovered:
D:1:      amcnicky_arrival_abandoned_market, layout_loops_ring,
          ebering_ecumenical_altar_mist
D:2:      cheibrodos_helix_gallery, layout_loops_ring, basic_altar,
          lightli_corner_chamber, uniq_crazy_yiuf_cottage
D:3:      layout_loops_ring, st_stairs_13
D:4:      layout_loops_ring, mainiacjoe_overflow_two_lobes
D:5:      layout_gridville, chequers_temple_overflow_statue_of_worship,
          uniq_duvessa
D:6:      layout_rooms, gammafunk_temple_overflow_wave, temple_fountains,
          minmay_misc_feat_room
D:7:      layout_loops_corners, mainiacjoe_overflow_catwalk_spiral
D:8:      layout_gridville, lemuel_tele_altar, gammafunk_ghost_split,
          special_room [special_room_orc], uniq_maggie
D:9:      layout_irregular_city, erik_orc_2
D:10:     layout_loops_ring, enter_bailey_2, kennysheep_island_fort,
          uniq_nergalle
D:11:     layout_cave_pools, dpeg_lair_monsters, serial_undead, serial_undead_e,
          serial_undead_a, serial_undead_f, serial_undead_f,
          hangedman_abyss_or_decor_slice, grunt_ministairs_3
D:12:     layout_irregular_city, hangedman_abyss_or_decor_passed
D:13:     layout_roguey, special_room [special_room_orc],
          nicolae_trove_entry_crystal, chequers_serial_rivers_micro_e,
          grunt_decor_cap, minmay_diced_spiral, uniq_snorg
D:14:     layout_cave_pools, lightli_vaults_fourway_checkpoint,
          nicolae_vehumet_radiance
Temple:   dshaligram_water_room_temple
Lair:1:   dpeg_oklob_gauntlet, layout_misc_corridors, small_statue_intersection,
          chequers_serial_rivers_micro_c, hibernation_bobbens,
          grunt_megastairs_5, uniq_joseph
Lair:2:   layout_cellular_growth, minmay_swamp_entry_swarm,
          guppyfry_snake_entry_island, basic_altar, grunt_megastairs_4
Lair:3:   layout_chaotic_city, hangedman_lair_generics_rect, lemuel_fruit_tree,
          lemuel_fruit_fields, infiniplex_staircase_pool_2

Skill      XL: |  1  2  3  4  5  6  7  8  9 10 11 12 13 |
---------------+----------------------------------------+-----
Unarmed Combat | 1 2 3 4 5 6 8 10 12 14 15 | 15.5
Dodging        | 1 2 3 4 5 6 |  6.1
Fighting       | 2 3 4 5 7 8 10 | 10.6
Invocations    | 2 4 5 |  5.5
Armour         | 1 3 |  3.0
Long Blades    | 4 |  4.8
Throwing       | 2 |  2.2
Short Blades   | |  1.5
Stealth        | |  2.1

Action                   |  1- 3 |  4- 6 |  7- 9 | 10-12 | 13-15 || total
-------------------------+-------+-------+-------+-------+-------++-------
Melee: Unarmed           |   125 |   128 |   216 |   472 |   115 ||  1056
       Punch             |     1 |     2 |    12 |    43 |    15 ||    73
       Falchion          |       |       |       |       |    15 ||    15
Throw: Dart              |       |     4 |     6 |     1 |       ||    11
       Boomerang         |       |       |       |    11 |       ||    11
       Throwing net      |       |       |       |     1 |       ||     1
Invok: Bend Time         |       |       |       |     1 |       ||     1
       Slouch            |       |       |       |     2 |       ||     2
       Temporal Distorti |       |       |       |       |     2 ||     2
Evoke: Wand              |       |       |     1 |    21 |     1 ||    23
  Use: Scroll            |       |     5 |     3 |    11 |     7 ||    26
       Potion            |       |     1 |     4 |     7 |     5 ||    17
 Stab: Sleeping          |     3 |     4 |     6 |     4 |     1 ||    18
       Distracted        |       |     1 |       |       |       ||     1
Armor: Robe              |    47 |    41 |    52 |       |       ||   140
       Skin              |       |       |    11 |       |       ||    11
       Acid dragon scale |       |       |     4 |    21 |       ||    25
       Troll leather arm |       |       |       |    83 |    57 ||   140
Dodge: Dodged            |    60 |    51 |   122 |   445 |   141 ||   819

Table legend: (Time is in decaauts)
 A = Elapsed time spent in this place.
 B = Non-inter-level travel time spent in this place.
 C = Inter-level travel time spent in this place.
 D = Time resting spent in this place.
 E = Time spent auto-exploring this place.
 F = Levels seen in this place.
 G = Mean time per level.
                   A        B        C        D        E       F      G
               +--------+--------+--------+--------+--------+-----+--------+
         Total |  20781 |  18536 |   2245 |   1184 |  13514 |  19 | 1093.7 |
       Dungeon |  16462 |  14335 |   2127 |    769 |  10471 |  14 | 1175.9 |
        Temple |    138 |    115 |     23 |      0 |    103 |   1 |  138.0 |
          Lair |   3562 |   3467 |     95 |    282 |   2763 |   3 | 1187.3 |
        Bailey |    617 |    617 |      0 |    132 |    175 |   1 |  617.0 |
               +--------+--------+--------+--------+--------+-----+--------+

Top non-repeatable levels by time:
  Lair:2: 1988 daAuts
     D:7: 1719 daAuts
     D:8: 1701 daAuts
     D:9: 1598 daAuts
     D:2: 1526 daAuts
  Lair:1: 1521 daAuts
    D:10: 1426 daAuts
    D:12: 1354 daAuts
     D:5: 1278 daAuts
     D:6: 1223 daAuts
    D:11: 1210 daAuts
     D:4: 1043 daAuts
    D:13: 865 daAuts
     D:3: 760 daAuts
     D:1: 753 daAuts
